 Dungeon Crawl Stone Soup version 0.30-a0-557-ge2afbf3030 (webtiles) character file.

Game seed: 16153957887537178221

2034 Newt the Skirmisher (level 9, 0/55 HPs)
             Began as a Kobold Hunter on Dec 27, 2022.
             Was an Initiate of Gozag.
             Slain by a two-headed ogre
             ... wielding a +0 dire flail
              (13 damage)
             ... on level 7 of the Dungeon.
             The game lasted 00:05:43 (6837 turns).

Newt the Skirmisher (Kobold Hunter)                 Turns: 6837, Time: 00:05:44

Health: 0/55       AC:  7    Str:  8    XL:     9   Next: 48%
Magic:  18/18      EV: 18    Int: 11    God:    Gozag
Gold:   626        SH:  0    Dex: 22    Spells: 8/8 levels left

rFire   . . .      SeeInvis .    a - +0 shortbow
rCold   . . .      Faith    .    (shield currently unavailable)
rNeg    . . .      Spirit   .    c - +0 leather armour
rPois   .          Reflect  .    o - +0 helmet
rElec   .          Harm     .    k - +0 cloak
rCorr   .          Rampage  .    (no gloves)
Will    .....                    i - +0 pair of boots
Stlth   ++++                     p - amulet of regeneration
HPRegen 1.09/turn                u - ring of magical power
MPRegen 0.16/turn                (no ring)

@: no status effects
A: small, no large weapons, nightstalker 3
a: Renounce Religion, Potion Petition, Call Merchant, Bribe Branch


You were on level 7 of the Dungeon.
You worshipped Gozag.
Gozag was pleased with you.
You visited 2 branches of the dungeon, and saw 8 of its levels.

You collected 703 gold pieces.
You paid 77 gold pieces to Gozag.

Inventory:

Hand Weapons
 a - a +0 shortbow (weapon)
Armour
 c - a +0 leather armour (worn)
 i - a +0 pair of boots (worn)
 k - a +0 cloak (worn)
 o - a +0 helmet (worn)
Jewellery
 p - an amulet of regeneration (around neck)
 u - a ring of magical power (left hand)
Wands
 j - a wand of paralysis (14)
 t - a wand of roots (6)
Scrolls
 b - 4 scrolls of immolation
 f - 7 scrolls of teleportation
 l - 3 scrolls of blinking
 m - 2 scrolls of enchant armour
 q - a scroll of poison
 v - 2 scrolls of identify
 x - a scroll of magic mapping
Potions
 d - 2 potions of flight
 e - 5 potions of might
 g - 4 potions of curing
 h - 2 potions of invisibility
 n - 4 potions of brilliance
 r - a potion of heal wounds
 s - a potion of resistance
 w - a potion of degeneration
 z - a potion of haste


   Skills:
 - Level 6.0 Fighting
 - Level 10.0 Ranged Weapons
 - Level 4.0 Armour
 - Level 6.0 Dodging
 + Level 3.8 Stealth
 - Level 5.0 Evocations


You had 8 spell levels left.
You didn't know any spells.
Your spell library contained the following spells:

 Spells                   Type           Power      Damage    Failure   Level
 Magic Dart               Conj           0%         1d3       45%         1
 Summon Small Mammal      Summ           0%         N/A       45%         1
 Ensorcelled Hibernation  Hex/Ice        0%         N/A       58%         2
 Searing Ray              Conj           0%         2d4       58%         2
 Call Canine Familiar     Summ           0%         N/A       83%         3
 Gell's Gravitas          Tloc           0%         N/A       83%         3
 Ignite Poison            Fire/Tmut/Pois 0%         N/A       83%         3
 Kindle Blastsparks       Fire/Tloc/Air  0%         2d10      83%         3
 Spider Form              Tmut/Pois      0%         N/A       83%         3
 Summon Guardian Golem    Hex/Summ       0%         N/A       83%         3
 Teleport Other           Tloc           0%         N/A       83%         3
 Anguish                  Hex/Necr       0%         N/A       99%         4
 Fulminant Prism          Conj/Hex       0%         3d5       99%         4
 Freezing Cloud           Conj/Ice/Air   0%         6-21      100%        5
 Dispersal                Tloc           0%         N/A       100%        6


Dungeon Overview and Level Annotations

Branches:
Dungeon (7/15)             Temple (1/1) D:5

Altars:
Cheibriados
Dithmenos
Elyvilon
Gozag
Kikubaaqudgha
Makhleb
Nemelex Xobeh
Okawaru
Qazlal
Sif Muna
Trog
Uskayaw
Wu Jian
Xom
Yredelemnul
Zin
The Shining One


Innate Abilities, Weirdness & Mutations

You are small and have problems with some larger weapons.
You are completely attuned to the shadows.


Message History

The arrow completely misses the orc wizard.
The arrow hits the two-headed ogre.
The two-headed ogre is lightly wounded.
The orc wizard completely misses you.
You shoot an arrow. The arrow barely misses the orc wizard.
The orc wizard closely misses you. The two-headed ogre barely misses you.
The two-headed ogre completely misses you.
The orc wizard hits you but does no damage.
You shoot an arrow. The arrow hits the orc wizard!
You kill the orc wizard!
The two-headed ogre completely misses you.
The two-headed ogre closely misses you.
You shoot an arrow. The arrow hits the two-headed ogre.
The two-headed ogre is lightly wounded.
The two-headed ogre completely misses you.
The two-headed ogre hits you with a +0 giant club!
You shoot an arrow. The arrow hits the two-headed ogre!
The two-headed ogre is lightly wounded.
You shoot an arrow. The arrow hits the two-headed ogre.
The two-headed ogre is moderately wounded.
The two-headed ogre misses you. The two-headed ogre closely misses you.
You shoot an arrow.
The arrow hits the two-headed ogre but does no damage.
The two-headed ogre is moderately wounded.
The two-headed ogre hits you with a +0 dire flail!
The two-headed ogre hits you with a +0 giant club!
You shoot an arrow. The arrow hits the two-headed ogre!
The two-headed ogre is heavily wounded.
You shoot an arrow. The arrow hits the two-headed ogre.
The two-headed ogre is heavily wounded.
The two-headed ogre hits you with a +0 dire flail!!
* * * LOW HITPOINT WARNING * * *
The two-headed ogre barely misses you.
Okay, then.
You feel much better.
The two-headed ogre hits you with a +0 dire flail!
* * * LOW HITPOINT WARNING * * *
The two-headed ogre hits you with a +0 giant club!
You die...
Your body crumbles into a pile of gold.

#######################..#
#####.................).$....#
.............|...............#
##.########################..#
.#.# ...O#.....#.....#..# .#.#
.....#.....#.....#..# .#.#
###..#..#..#..#..#.$# ...#
..#O.#.)#..#..#..# ..##
...$@#.....#.....# #.# $
.....#.....#.....# #.####
################## ......
..#### .## ..# #.# #..#


You could see a two-headed ogre.

Vanquished Creatures
  A steam dragon (D:7)
  2 water moccasins (D:7)
  A sky beast (D:7)
  A black bear (D:6)
  An ice beast (D:7)
  2 phantoms
  2 kobold brigands
  2 bullfrogs
  A necrophage (D:4)
  3 scorpions
  A killer bee (D:7)
  3 howler monkeys (D:7)
  2 jellies (D:7)
  An orc priest (D:7)
  4 hounds
  An iguana (D:4)
  6 orc wizards
  5 gnolls
  7 adders
  2 shadow imps
  A white imp (D:5)
  An ufetubus (D:5)
  A worm (D:2)
  2 dart slugs (D:3)
  13 orcs
  6 endoplasms
  3 giant cockroaches (D:2)
  8 hobgoblins
  5 jackals
  9 kobolds
  4 quokkas
  6 ball pythons
  4 bats
  2 frilled lizards (D:2)
  A goblin (D:2)
  6 rats
120 creatures vanquished.

Vanquished Creatures (others)
  6 fungi (D:5)
6 creatures vanquished.

Grand Total: 126 creatures vanquished

Notes
Turn   | Place    | Note
-------+----------+-------------------------------------------
     0 | D:1      | Newt the Kobold Hunter began the quest for the Orb.
     0 | D:1      | Reached XP level 1. HP: 12/12 MP: 1/1
   376 | D:1      | Found a faded altar of an unknown god.
   392 | D:1      | Reached XP level 2. HP: 10/17 MP: 2/2
   657 | D:1      | Reached skill level 6 in Ranged Weapons
  1218 | D:2      | Reached XP level 3. HP: 21/21 MP: 3/3
  1522 | D:2      | Reached skill level 7 in Ranged Weapons
  1522 | D:2      | Reached XP level 4. HP: 21/26 MP: 4/4
  2547 | D:3      | Reached XP level 5. HP: 30/30 MP: 5/5
  2709 | D:3      | Reached skill level 8 in Ranged Weapons
  3037 | D:3      | Reached skill level 1 in Armour
  3037 | D:3      | Reached XP level 6. HP: 35/35 MP: 6/6
  3560 | D:4      | Found a burning altar of Makhleb.
  4483 | D:5      | Entered Level 5 of the Dungeon
  4493 | D:5      | Reached XP level 7. HP: 40/40 MP: 7/7
  4733 | D:5      | Found a staircase to the Ecumenical Temple.
  4789 | Temple   | Entered the Ecumenical Temple
  4908 | Temple   | Became a worshipper of Gozag Ym Sagoz the Greedy
  5778 | D:6      | Reached XP level 8. HP: 27/48 MP: 8/8
  5876 | D:6      | Reached skill level 5 in Fighting
  5959 | D:6      | Found a white marble altar of Elyvilon.
  5984 | D:6      | Found a hide-covered altar of Uskayaw.
  6347 | D:7      | Reached skill level 9 in Ranged Weapons
  6468 | D:7      | Reached skill level 10 in Ranged Weapons
  6496 | D:7      | Reached skill level 5 in Dodging
  6500 | D:7      | Reached XP level 9. HP: 55/55 MP: 9/9
  6533 | D:7      | Reached skill level 1 in Evocations
  6639 | D:7      | Reached skill level 5 in Evocations
  6759 | D:7      | Noticed a two-headed ogre
  6837 | D:7      | Slain by a two-headed ogre

Illustrated notes

Levels and vault maps discovered:
D:1:      minmay_arrival_four_houses, layout_basic,
          hellmonk_ecumenical_altar_run_dry
D:2:      layout_loops_corners, small_statue_intersection, minmay_pentomino_q4
D:3:      layout_rooms, minmay_hedge_maze,
          nicolae_concentric_dashed_squares_wild, interstate_on_off
D:4:      layout_basic, bloody_makhleb, chequers_serial_rivers_small_3,
          kennysheep_generic_room_12
D:5:      layout_rooms, minmay_temple_entry_glass, dreamdust_gnoll_farm
D:6:      layout_rooms, overflow_temple_1_default, lemuel_crystal_altar
D:7:      kennysheep_windowed_halls, layout_basic, item_on_display_b
Temple:   eino_temple_lava

Skill      XL: |  1  2  3  4  5  6  7  8  9 |
---------------+----------------------------+-----
Ranged Weapons | 6 7 8 10 | 10.0
Dodging        | 4 5 6 |  6.0
Armour         | 1 3 4 |  4.0
Fighting       | 4 6 |  6.0
Evocations     | 5 |  5.0
Stealth        | 3 |  3.8

Action                   |  1- 3 |  4- 6 |  7- 9 || total
-------------------------+-------+-------+-------++-------
 Fire: Shortbow          |    70 |   155 |   277 ||   502
  Use: Scroll            |     4 |     4 |     9 ||    17
       Potion            |       |       |     1 ||     1
Armor: Leather armour    |    13 |    32 |    52 ||    97
Dodge: Dodged            |    26 |    72 |   179 ||   277

Table legend: (Time is in decaauts)
 A = Elapsed time spent in this place.
 B = Non-inter-level travel time spent in this place.
 C = Inter-level travel time spent in this place.
 D = Time resting spent in this place.
 E = Time spent auto-exploring this place.
 F = Levels seen in this place.
 G = Mean time per level.
                   A        B        C        D        E       F      G
               +--------+--------+--------+--------+--------+-----+--------+
         Total |   6908 |   6646 |    262 |    737 |   4978 |   8 |  863.5 |
       Dungeon |   6348 |   6095 |    253 |    324 |   4880 |   7 |  906.9 |
        Temple |    559 |    550 |      9 |    413 |     98 |   1 |  559.0 |
               +--------+--------+--------+--------+--------+-----+--------+

Top non-repeatable levels by time:
     D:4: 1298 daAuts
     D:1: 1211 daAuts
     D:2: 1113 daAuts
     D:3: 902 daAuts
     D:5: 653 daAuts
     D:6: 623 daAuts
  Temple: 559 daAuts
     D:7: 545 daAuts
